3AAA
VERMONT LAKE MONSTERS @ HOUSTON BC
09/05/2031
 
TOP OF THE 1ST
Vermont Lake Monsters batting - Pitching for Houston BC : RHP Bobby Roode
Pitching: RHP Bobby Roode
Batting: RHB Zelmar Barajas 0-0: Called Strike
0-1: Foul Ball, location: 2F
0-2: Foul Ball, location: 2F
0-2: Ball
1-2: Foul Ball, location: 2F
1-2: Foul Ball, location: 2F
1-2: Strikes out looking
Batting: RHB Juan Pedraza 0-0: Ball
1-0: Ball
2-0: Ball
3-0: Called Strike
3-1: Fly out, F8 (Flyball, 8RD)
Batting: LHB Gilberto Jiménez 0-0: Called Strike
0-1: Foul Ball, location: 2F
0-2: Foul Ball, location: 2F
0-2: Ball
1-2: Ball
2-2: Foul Ball, location: 2F
2-2: Ball
3-2: Fly out, F7 (Flyball, 7S)
Top of the 1st over - 0 runs, 0 hits, 0 errors, 0 left on base; Vermont 0 - Houston 0
BOTTOM OF THE 1ST
Houston BC batting - Pitching for Vermont Lake Monsters : RHP Jesús Vidro
Pitching: RHP Jesús Vidro
Batting: RHB Robby Arnold 0-0: Ball
1-0: Swinging Strike
1-1: Ball
2-1: Foul Ball, location: 2F
2-2: Ground out 3-1 (Groundball, 34)
Batting: RHB Phil Dougherty 0-0: Called Strike
0-1: Ball
1-1: Ball
2-1: Ball
3-1: Foul Ball, location: 2F
3-2: Fly out, F7 (Flyball, 78S)
Batting: RHB António López 0-0: Ball
1-0: Ball
2-0: Foul Ball, location: 2F
2-1: Swinging Strike
2-2: Strikes out looking
Bottom of the 1st over - 0 runs, 0 hits, 0 errors, 0 left on base; Vermont 0 - Houston 0
TOP OF THE 2ND
Vermont Lake Monsters batting - Pitching for Houston BC : RHP Bobby Roode
Batting: RHB Kasper Schuilenberg 0-0: Ball
1-0: Fly out, F7 (Flyball, 7S)
Batting: RHB Ramón Degollado 0-0: Called Strike
0-1: Ball
1-1: Called Strike
1-2: Ball
2-2: DOUBLE (Line Drive, 7LS)
Batting: SHB Robert La Caze 0-0: Ball
1-0: Called Strike
1-1: Ball
2-1: Fly out, F8 (Flyball, 8RD)
Batting: RHB Edgardo Castro 0-0: Called Strike
0-1: Foul Ball, location: 2F
0-2: Strikes out swinging
Top of the 2nd over - 0 runs, 1 hit, 0 errors, 1 left on base; Vermont 0 - Houston 0
BOTTOM OF THE 2ND
Houston BC batting - Pitching for Vermont Lake Monsters : RHP Jesús Vidro
Batting: LHB Dawit Lihalakha 0-0: SINGLE (Flyball, 9S)
Batting: RHB Orlando Montejo 0-0: DOUBLE (Line Drive, 78D)
Dawit Lihalakha to third
Batting: RHB Abraham Phelps 0-0: Ball
1-0: Swinging Strike
1-1: SINGLE (Flyball, 7LS)
Dawit Lihalakha scores
Orlando Montejo to third
Batting: SHB Anastasio Delgadilo 0-0: Ball
1-0: Called Strike
1-1: Foul Ball, location: 2F
1-2: Foul Ball, location: 2F
1-2: Ball
2-2: Ball
3-2: Strikes out swinging
Batting: RHB Dennis Morrow 0-0: Ball
1-0: Fielders Choice at 2nd, 4-6 (Groundball, 34)
Orlando Montejo scores
Batting: RHB George Zeek 0-0: Called Strike
0-1: Ball
1-1: Swinging Strike
1-2: Ball
2-2: Fly out, F6 (Popup, P)
Bottom of the 2nd over - 2 runs, 3 hits, 0 errors, 1 left on base; Vermont 0 - Houston 2
TOP OF THE 3RD
Vermont Lake Monsters batting - Pitching for Houston BC : RHP Bobby Roode
Batting: LHB Manuel Núñez 0-0: Called Strike
0-1: Ball
1-1: Called Strike
1-2: Ball
2-2: Strikes out swinging
Batting: RHB Cosmo Castanhedo 0-0: Ball
1-0: Ball
2-0: Ball
3-0: Foul Ball, location: 2F
3-1: Base on Balls
Batting: RHB Zelmar Barajas 0-0: Swinging Strike
0-1: Ball
1-1: Ball
2-1: Ball
3-1: Called Strike
3-2: Ground out U3 (Groundball, 3S)
Cosmo Castanhedo to second
Batting: RHB Juan Pedraza 0-0: Ball
1-0: Called Strike
1-1: Ground out 4-3 (Groundball, 4M)
Top of the 3rd over - 0 runs, 0 hits, 0 errors, 1 left on base; Vermont 0 - Houston 2
BOTTOM OF THE 3RD
Houston BC batting - Pitching for Vermont Lake Monsters : RHP Jesús Vidro
Batting: RHB Robby Arnold 0-0: Ground out 4-3 (Groundball, 4)
Batting: RHB Phil Dougherty 0-0: Ground out 5-3 (Groundball, 56)
Batting: RHB António López 0-0: Ground out 1-3 (Groundball, 13S)
Bottom of the 3rd over - 0 runs, 0 hits, 0 errors, 0 left on base; Vermont 0 - Houston 2
TOP OF THE 4TH
Vermont Lake Monsters batting - Pitching for Houston BC : RHP Bobby Roode
Batting: LHB Gilberto Jiménez 0-0: Called Strike
0-1: Ball
1-1: Foul Ball, location: 2F
1-2: Strikes out looking
Batting: RHB Kasper Schuilenberg 0-0: Called Strike
0-1: Ball
1-1: Ball
2-1: Called Strike
2-2: Foul Ball, location: 2F
2-2: SINGLE (Line Drive, 3D)
Batting: RHB Ramón Degollado 0-0: Ball
1-0: SINGLE (Line Drive, 89S)
Kasper Schuilenberg to second
Batting: SHB Robert La Caze 0-0: Swinging Strike
0-1: Called Strike
0-2: Strikes out swinging
Batting: RHB Edgardo Castro 0-0: Called Strike
0-1: Foul Ball, location: 2F
0-2: Strikes out swinging
Top of the 4th over - 0 runs, 2 hits, 0 errors, 2 left on base; Vermont 0 - Houston 2
BOTTOM OF THE 4TH
Houston BC batting - Pitching for Vermont Lake Monsters : RHP Jesús Vidro
Batting: LHB Dawit Lihalakha 0-0: Swinging Strike
0-1: Called Strike
0-2: Ball
1-2: Strikes out swinging
Batting: RHB Orlando Montejo 0-0: Ball
1-0: Foul Ball, location: 2F
1-1: Ball
2-1: Swinging Strike
2-2: Ground out 5-3 (Groundball, 56)
Batting: RHB Abraham Phelps 0-0: Fly out, F9 (Flyball, 9LMF)
Bottom of the 4th over - 0 runs, 0 hits, 0 errors, 0 left on base; Vermont 0 - Houston 2
TOP OF THE 5TH
Vermont Lake Monsters batting - Pitching for Houston BC : RHP Bobby Roode
Batting: LHB Manuel Núñez 0-0: Called Strike
0-1: Ground out 4-3 (Groundball, 4S)
Batting: RHB Cosmo Castanhedo 0-0: Ball
1-0: Foul Ball, location: 2F
1-1: Fly out, F6 (Popup, 6MS)
Batting: RHB Zelmar Barajas 0-0: Ball
1-0: Foul Ball, location: 2F
1-1: Fly out, F9 (Line Drive, 9)
Top of the 5th over - 0 runs, 0 hits, 0 errors, 0 left on base; Vermont 0 - Houston 2
BOTTOM OF THE 5TH
Houston BC batting - Pitching for Vermont Lake Monsters : RHP Jesús Vidro
Batting: SHB Anastasio Delgadilo 0-0: Called Strike
0-1: Ball
1-1: Swinging Strike
1-2: Foul Ball, location: 2F
1-2: Ball
2-2: Foul Ball, location: 2F
2-2: Ball
3-2: DOUBLE (Line Drive, 7D)
Batting: RHB Dennis Morrow 0-0: Ball
1-0: Ground out 5-3 (Groundball, 56S)
Anastasio Delgadilo to third
Batting: RHB George Zeek 0-0: Ball
1-0: Foul Ball, location: 2F
1-1: Swinging Strike
1-2: SINGLE (Groundball, 4MS) (infield hit)
Anastasio Delgadilo scores
Batting: RHB Robby Arnold 0-0: Ball
1-0: Foul Ball, location: 2F
1-1: Ball
2-1: Ball
3-1: Fly out, F8 (Flyball, 89M)
Pitching: RHP Gerry Fleck
Batting: RHB Phil Dougherty 0-0: Called Strike
0-1: Called Strike
0-2: Ball
1-2: Ground out U3 (Groundball, 3)
Bottom of the 5th over - 1 run, 2 hits, 0 errors, 1 left on base; Vermont 0 - Houston 3
TOP OF THE 6TH
Vermont Lake Monsters batting - Pitching for Houston BC : RHP Bobby Roode
Batting: RHB Juan Pedraza 0-0: DOUBLE (Line Drive, 89D)
Batting: LHB Gilberto Jiménez 0-0: SINGLE (Flyball, 7LS)
Juan Pedraza to third
Runner from 3rd tries for Home, SAFE, no throw
Batting: RHB Kasper Schuilenberg 0-0: Called Strike
0-1: Foul Ball, location: 2F
0-2: Foul Ball, location: 2F
0-2: Foul Ball, location: 2F
0-2: Ball
1-2: Ball
2-2: Ground out 5-3 (Groundball, 56S)
Gilberto Jiménez to second
Batting: RHB Ramón Degollado 0-0: Ball
Wild Pitch!
Gilberto Jiménez to third
1-0: SINGLE (Groundball, 56D)
Gilberto Jiménez scores
Batting: SHB Robert La Caze 0-0: Called Strike
0-1: Ball
1-1: Foul Ball, location: 2F
1-2: Foul Ball, location: 2F
1-2: Foul Ball, location: 2F
1-2: Ground out U3 (Groundball, 3)
Ramón Degollado to second
Batting: RHB Edgardo Castro 0-0: Ball
1-0: Ball
2-0: Foul Ball, location: 2F
2-1: Called Strike
2-2: Ball
3-2: Reached on error, E5 (Groundball, 5S)
Ramón Degollado to third
Batting: LHB Manuel Núñez 0-0: Called Strike
0-1: Ball
1-1: Foul Ball, location: 2F
1-2: Ground out 4-3 (Groundball, 4)
Top of the 6th over - 2 runs, 3 hits, 1 error, 2 left on base; Vermont 2 - Houston 3
BOTTOM OF THE 6TH
Houston BC batting - Pitching for Vermont Lake Monsters : RHP Gerry Fleck
Batting: RHB António López 0-0: Ball
1-0: Fly out, F9 (Flyball, 9)
Batting: LHB Dawit Lihalakha 0-0: Ball
1-0: Ball
2-0: Called Strike
2-1: Ball
3-1: Base on Balls
Batting: RHB Orlando Montejo 0-0: Ball
1-0: Ball
2-0: Foul Ball, location: 2F
2-1: Foul Ball, location: 2F
2-2: SINGLE (Line Drive, 9LS)
Dawit Lihalakha to second
Batting: RHB Abraham Phelps 0-0: Ball
1-0: Fly out, F7 (Flyball, 7LSF)
Batting: SHB Anastasio Delgadilo 0-0: Called Strike
0-1: Ball
1-1: Called Strike
1-2: Strikes out looking
Bottom of the 6th over - 0 runs, 1 hit, 0 errors, 2 left on base; Vermont 2 - Houston 3
TOP OF THE 7TH
Vermont Lake Monsters batting - Pitching for Houston BC : RHP Bobby Roode
Batting: RHB Cosmo Castanhedo 0-0: Ball
1-0: Foul Ball, location: 2F
1-1: Fly out, F8 (Flyball, 8RXD)
Batting: RHB Zelmar Barajas 0-0: Ball
1-0: Ball
2-0: Ground out 6-3 (Groundball, 6)
Batting: RHB Juan Pedraza 0-0: Ball
1-0: Ground out 4-3 (Groundball, 4)
Top of the 7th over - 0 runs, 0 hits, 0 errors, 0 left on base; Vermont 2 - Houston 3
BOTTOM OF THE 7TH
Houston BC batting - Pitching for Vermont Lake Monsters : RHP Gerry Fleck
Batting: RHB Dennis Morrow 0-0: Called Strike
0-1: SOLO HOME RUN (Flyball, 7D), Distance : 403 ft
Batting: RHB George Zeek 0-0: Called Strike
0-1: Called Strike
0-2: Strikes out swinging
Batting: RHB Robby Arnold 0-0: Foul Ball, location: 2F
0-1: Ball
1-1: Called Strike
1-2: Ball
2-2: Strikes out swinging
Batting: RHB Phil Dougherty 0-0: Called Strike
0-1: Ball
1-1: Foul Ball, location: 2F
1-2: Ball
2-2: Foul Ball, location: 2F
2-2: Ball
3-2: Strikes out swinging
Bottom of the 7th over - 1 run, 1 hit, 0 errors, 0 left on base; Vermont 2 - Houston 4
TOP OF THE 8TH
Vermont Lake Monsters batting - Pitching for Houston BC : RHP Bobby Roode
Batting: LHB Gilberto Jiménez 0-0: Called Strike
0-1: Ball
1-1: Called Strike
1-2: Ball
2-2: Ball
3-2: Ground out 4-3 (Groundball, 4)
Pitching: RHP Pete Venegas
Batting: RHB Kasper Schuilenberg 0-0: Foul Ball, location: 2F
0-1: Fly out, F3 (Line Drive, 34)
Batting: RHB Ramón Degollado 0-0: Called Strike
0-1: Fly out, F2 (Popup, 2R)
Top of the 8th over - 0 runs, 0 hits, 0 errors, 0 left on base; Vermont 2 - Houston 4
BOTTOM OF THE 8TH
Houston BC batting - Pitching for Vermont Lake Monsters : RHP Gerry Fleck
Batting: RHB António López 0-0: Ball
1-0: Called Strike
1-1: Ball
2-1: Ball
3-1: Base on Balls
Batting: LHB Dawit Lihalakha 0-0: Ball
1-0: Called Strike
1-1: Ball
2-1: Grounds into double play, 4-6-3 (Groundball, 4)
Batting: RHB Orlando Montejo 0-0: Ball
1-0: Ball
2-0: Swinging Strike
2-1: SINGLE (Groundball, 6MS) (infield hit)
Batting: RHB Abraham Phelps 0-0: Foul Ball, location: 2F
0-1: Fly out, F7 (Flyball, 78D)
Bottom of the 8th over - 0 runs, 1 hit, 0 errors, 1 left on base; Vermont 2 - Houston 4
TOP OF THE 9TH
Vermont Lake Monsters batting - Pitching for Houston BC : RHP Pete Venegas
Pitching: RHP Corbin Holling
Batting: SHB Robert La Caze 0-0: Ball
1-0: Ball
2-0: Swinging Strike
2-1: Foul Ball, location: 2F
2-2: Strikes out swinging
Batting: RHB Edgardo Castro 0-0: DOUBLE (Line Drive, 89D)
Batting: LHB Manuel Núñez 0-0: Ball
1-0: Foul Ball, location: 2F
1-1: Ball
2-1: Ball
3-1: Called Strike
3-2: Base on Balls
Batting: RHB Cosmo Castanhedo 0-0: Called Strike
0-1: Ball
Passed Ball!
Edgardo Castro to third
Manuel Núñez to second
1-1: Ball
2-1: Ball
3-1: Foul Ball, location: 2F
3-2: Foul Ball, location: 2F
3-2: DOUBLE (Line Drive, 9LD)
Edgardo Castro scores
Manuel Núñez scores
Pinch Hitting: LHB Brad Tillman 0-0: Called Strike
0-1: Foul Ball, location: 2F
0-2: Ball
1-2: Foul Ball, location: 2F
1-2: Foul Ball, location: 2F
1-2: Ball
2-2: Fly out, F7 (Flyball, 78D)
Batting: RHB Juan Pedraza 0-0: Ball
1-0: Ball
2-0: Swinging Strike
2-1: Ground out 6-3 (Groundball, 6)
Top of the 9th over - 2 runs, 2 hits, 0 errors, 1 left on base; Vermont 4 - Houston 4
BOTTOM OF THE 9TH
Houston BC batting - Pitching for Vermont Lake Monsters : RHP Gerry Fleck
Now in RF: Brad Tillman
Batting: SHB Anastasio Delgadilo 0-0: Called Strike
0-1: Called Strike
0-2: Foul Ball, location: 2F
0-2: Strikes out looking
Pinch Hitting: LHB Lee Hart 0-0: Ground out 1-3 (Groundball, P)
Pinch Hitting: RHB Alba Hidalgo de Jesus 0-0: Foul Ball, location: 2F
0-1: Ball
1-1: Ball
2-1: Foul Ball, location: 2F
2-2: Strikes out looking
Bottom of the 9th over - 0 runs, 0 hits, 0 errors, 0 left on base; Vermont 4 - Houston 4
TOP OF THE 10TH
Vermont Lake Monsters batting - Pitching for Houston BC : RHP Corbin Holling
Pitching: LHP Jamie Scott
Now at 3B: Noël Sassetti
Now in RF: Alba Hidalgo de Jesus
Batting: LHB Gilberto Jiménez 0-0: Ball
1-0: Foul Ball, location: 2F
1-1: Ball
2-1: Ball
3-1: Foul Ball, location: 2F
3-2: Base on Balls
Batting: RHB Kasper Schuilenberg 0-0: Fly out, F9 (Flyball, 9)
Batting: RHB Ramón Degollado 0-0: Ball
1-0: SINGLE (Groundball, 56S) (infield hit)
Gilberto Jiménez to second
Pinch Hitting: RHB Woodrow Terrebonne 0-0: Called Strike
0-1: Ball
1-1: Swinging Strike
1-2: Ball
2-2: Strikes out swinging
Batting: RHB Edgardo Castro 0-0: Ball
1-0: Ball
2-0: Foul Ball, location: 2F
2-1: Ground out 1-3 (Groundball, P)
Top of the 10th over - 0 runs, 1 hit, 0 errors, 2 left on base; Vermont 4 - Houston 4
BOTTOM OF THE 10TH
Houston BC batting - Pitching for Vermont Lake Monsters : RHP Gerry Fleck
Now at 2B: Janghyun Sam
Batting: RHB Robby Arnold 0-0: Swinging Strike
0-1: Swinging Strike
0-2: Ball
1-2: Foul Ball, location: 2F
1-2: Strikes out swinging
Batting: RHB Phil Dougherty 0-0: Ball
1-0: Called Strike
1-1: Ball
2-1: SINGLE (Line Drive, 4MD)
Pitching: LHP José Flores
Batting: RHB António López 0-0: Foul Ball, location: 2F
0-1: Ball
1-1: Called Strike
1-2: Foul Ball, location: 2F
1-2: Foul Ball, location: 2F
1-2: Hit by Pitch
Phil Dougherty to second
Batting: LHB Dawit Lihalakha 0-0: Called Strike
0-1: Fielders Choice at 2nd, 1-6 (Groundball, P)
Phil Dougherty to third
Batting: RHB Orlando Montejo 0-0: Foul Ball, location: 2F
0-1: Fielders Choice at 2nd, 5-4 (Groundball, 5)
Bottom of the 10th over - 0 runs, 1 hit, 0 errors, 2 left on base; Vermont 4 - Houston 4
TOP OF THE 11TH
Vermont Lake Monsters batting - Pitching for Houston BC : LHP Jamie Scott
Batting: LHB Manuel Núñez 0-0: Ground out 6-3 (Groundball, 4MS)
Batting: RHB Cosmo Castanhedo 0-0: Ball
1-0: SINGLE (Line Drive, 78S)
Pinch Hitting: RHB Bertrand Pick 0-0: Ball
1-0: Ball
2-0: Called Strike
2-1: Foul Ball, location: 2F
2-2: Fly out, F6 (Popup, 6MD)
Batting: RHB Juan Pedraza 0-0: Ball
1-0: Ball
2-0: Ball
3-0: Base on Balls
Cosmo Castanhedo to second
Batting: LHB Gilberto Jiménez 0-0: SINGLE (Groundball, 6D)
Cosmo Castanhedo to third
Juan Pedraza to second
Runner from 3rd tries for Home, SAFE, no throw
Batting: RHB Kasper Schuilenberg 0-0: Ball
1-0: Ball
2-0: Called Strike
2-1: Foul Ball, location: 2F
2-2: Ball
3-2: SINGLE (Groundball, 34D)
Juan Pedraza to third
Gilberto Jiménez to second
Juan Pedraza scores
Gilberto Jiménez to third
Batting: RHB Ramón Degollado 0-0: Ball
1-0: Ball
2-0: Fly out, F6 (Line Drive, 6)
Top of the 11th over - 2 runs, 3 hits, 0 errors, 2 left on base; Vermont 6 - Houston 4
BOTTOM OF THE 11TH
Houston BC batting - Pitching for Vermont Lake Monsters : LHP José Flores
Now in RF: Arturo Hernández
Batting: RHB Abraham Phelps 0-0: Foul Ball, location: 2F
0-1: Ball
1-1: Ground out 5-3 (Groundball, 5)
Batting: SHB Anastasio Delgadilo 0-0: Foul Ball, location: 2F
0-1: Swinging Strike
0-2: Strikes out looking
Batting: RHB Noël Sassetti 0-0: Ball
1-0: Ball
2-0: Foul Ball, location: 2F
2-1: Swinging Strike
2-2: Ball
3-2: Base on Balls
Batting: RHB Alba Hidalgo de Jesus 0-0: Ball
1-0: Fly out, F7 (Line Drive, 7)
Bottom of the 11th over - 0 runs, 0 hits, 0 errors, 1 left on base; Vermont 6 - Houston 4
Tuesday, June 12th, 2018 - OOTP Baseball 18.8 Build 76